 Dungeon Crawl Stone Soup version 0.26.1-11-gd32895ea62 (webtiles) character file.

Game seed: 2891859775820493043

737 unlimited1921 the Skirmisher (level 7, 0/64 HPs)
             Began as a Yellow Draconian Wanderer on July 21, 2021.
             Was an Initiate of Gozag.
             Slain by a two-headed ogre
             ... wielding a +0 giant club
             ... created by the fury of Okawaru
              (15 damage)
             ... on level 5 of the Dungeon.
             The game lasted 01:57:24 (18638 turns).

unlimited1921 the Skirmisher (DrWn)                Turns: 18638, Time: 01:57:24

Health: 0/64       AC:  6    Str: -1 (15) XL:     7   Next: 46%
Magic:  11/11      EV: 11    Int: 10 (19) God:    Gozag
Gold:   304        SH:  0    Dex:  3 (11) Spells: 10/12 levels left

rFire    . . .     SeeInvis .   a - +0 shortbow
rCold    . . .     Faith    .   (shield currently unavailable)
rNeg     . . .     Spirit   .   (armour unavailable)
rPois    .         Reflect  .   (helmet restricted)
rElec    .         Harm     .   (no cloak)
rCorr    +         Rampage  .   (no gloves)
Will     .....                  (no boots)
Stlth    +.........             (no amulet)
HPRegen  0.05/turn              h - +6 ring of intelligence
MPRegen  0.12/turn              (no ring)

@: slowed, lost strength, very slow
A: spit acid, unfitting armour, cold-blooded, acid resistance, AC +6
a: Breathe Acid, Renounce Religion, Potion Petition, Call Merchant, Bribe Branch


You were on level 5 of the Dungeon.
You worshipped Gozag.
Gozag was aware of your devotion.
You visited 2 branches of the dungeon, and saw 7 of its levels.

You collected 469 gold pieces.
You paid 165 gold pieces to Gozag.

Inventory:

Hand Weapons
 a - a +0 shortbow (weapon)
 f - a +0 spear
 p - a +0 hand axe
 v - a +0 halberd
 x - a +1 vorpal falchion
 y - a +1 dagger of freezing
 E - a +0 flail
 H - a +0 battleaxe
 I - a +0 war axe
 O - a +0 hunting sling
Missiles
 b - 30 poisoned darts
 d - 86 arrows (quivered ammo)
 j - 134 stones
 r - a throwing net
 t - 5 boomerangs
 J - 55 sling bullets
Magical Staves
 A - an uncursed staff of poison
Jewellery
 h - a +6 ring of intelligence (left hand)
Wands
 o - a wand of disintegration (3)
 u - a wand of iceblast (5)
 C - a wand of polymorph (7)
Scrolls
 c - 2 scrolls of enchant armour
 g - a scroll of fog
 l - 5 scrolls of remove curse
 m - a scroll of blinking
 q - 2 scrolls of magic mapping {unknown}
 z - a scroll of immolation {unknown}
 F - a scroll of amnesia {unknown}
 M - a scroll of fear {unknown}
 N - a scroll of random uselessness {unknown}
Potions
 e - 2 potions of might {unknown}
 i - a potion of berserk rage {unknown}
 k - 5 potions of curing
 n - a potion of haste {unknown}
 s - a potion of resistance {unknown}
 B - a potion of heal wounds
 D - 2 potions of lignification {unknown}
 G - 2 potions of flight {unknown}
 K - a potion of brilliance {unknown}
 L - a potion of magic {unknown}


   Skills:
 * Level 6.3 Fighting
 - Level 0.5(0.9) Short Blades
 - Level 1.0(1.1) Long Blades
 - Level 3.5 Bows
 - Level 1.3 Dodging
 - Level 1.1 Stealth
 * Level 3.1 Spellcasting
 - Level 1.4 Translocations
 - Level 1.0 Air Magic
 - Level 3.0 Poison Magic
 - Level 2.0 Evocations


You had 10 spell levels left.
You knew the following spells:

 Your Spells              Type           Power        Failure   Level
a - Blink                 Tloc           N/A          24%         2

Your spell library contained the following spells:

 Spells                   Type           Power        Failure   Level
 Apportation              Tloc           8%           16%         1
 Magic Dart               Conj           4%           28%         1
 Sandblast                Erth           2%           28%         1
 Call Imp                 Summ           1%           38%         2
 Slow                     Hex            1%           38%         2
 Lesser Beckoning         Tloc           2%           43%         3
 Mephitic Cloud           Conj/Pois/Air  4%           43%         3
 Conjure Flame            Conj/Fire      1%           63%         3
 Stone Arrow              Conj/Erth      2%           63%         3
 Tukima's Dance           Hex            1%           63%         3
 Alistair's Intoxication  Tmut/Pois      2%           99%         5
 Invisibility             Hex            1%           100%        6


Dungeon Overview and Level Annotations

Branches:
Dungeon (6/15)             Temple (1/1) D:5

Altars:
Cheibriados
Dithmenos
Gozag
Hepliaklqana
Kikubaaqudgha
Makhleb
Nemelex Xobeh
Okawaru
Ru
Trog
Uskayaw
Vehumet
Wu Jian
Xom
Yredelemnul
Zin


Innate Abilities, Weirdness & Mutations

You can spit globs of acid.
Your golden yellow scales are hard. (AC +6)
You cannot fit into any form of body armour.
You are cold-blooded and may be slowed by cold attacks.
You are resistant to acid. (rCorr)


Message History

There are monsters nearby!
There are monsters nearby!
There are monsters nearby!
There are monsters nearby!
There are monsters nearby!
There are monsters nearby!
There are monsters nearby!
There are monsters nearby!
There are monsters nearby!
There are monsters nearby!
The two-headed ogre hits you with a +0 giant club!!
The two-headed ogre hits you with a +0 giant club!
* * * LOW HITPOINT WARNING * * *
The two-headed ogre barely misses you. The two-headed ogre closely misses you.
The two-headed ogre barely misses you.
The two-headed ogre hits you with a +0 giant club.
* * * LOW HITPOINT WARNING * * *
The two-headed ogre hits you with a +0 giant club!
You die...
Your body crumbles into a pile of gold.

#####.# #### ##.#
####... #..# ####.....#
#..# ###........#
#)####..........#
#.###..........##
##.##>..........#
#.O...)........##
###@O............#
###..##...........##
##...####..........####
## ##...##
#.............# .##
##..### ##.......####..
..## ###.### #......##
##. #..####..##
##....## ##. ##...#..##
#...## #.. ###..###
##### #..


You could see 2 two-headed ogres.

Vanquished Creatures
  An orc warrior (D:5)
  A sky beast (D:5)
  A centaur (D:5)
  An orc priest (D:3)
  4 orc wizards
  Natasha (thrice) (D:4)
  A worker ant (D:5)
  4 gnolls
  8 adders
  A white imp (D:5)
  An ufetubus (D:5)
  3 oozes
  An adder skeleton (D:4)
  2 worms
  A dart slug (D:2)
  3 leopard geckos
  12 orcs
  7 bats
  16 goblins
  11 hobgoblins
  2 quokkas
  8 frilled lizards
  A jackal skeleton (D:4)
  7 kobolds
  7 rats
107 creatures vanquished.

Notes
Turn   | Place    | Note
-------+----------+-------------------------------------------
     0 | D:1      | unlimited1921 the Draconian Wanderer began the quest for
                  | the Orb.
     0 | D:1      | unlimited1921 set off with the following items: a +0
                  | shortbow, 25 arrows; and the following spells available to
                  | memorise: Magic Dart, Sandblast, Blink, Call Imp, Slow,
                  | Mephitic Cloud, Conjure Flame, Stone Arrow
     0 | D:1      | Reached XP level 1. HP: 17/17 MP: 2/2
   253 | D:1      | Reached XP level 2. HP: 20/25 MP: 3/3
   311 | D:1      | Reached skill level 3 in Fighting
   958 | D:1      | Reached XP level 3. HP: 28/31 MP: 4/4
  2215 | D:2      | Found an ornate altar of the Wu Jian Council.
  2252 | D:2      | Reached XP level 4. HP: 36/38 MP: 5/5
  2368 | D:2      | Found a shimmering altar of Xom.
  2371 | D:2      | Found a burning altar of Makhleb.
  2570 | D:2      | Learned a level 2 spell: Blink
  3078 | D:3      | Found a sacrificial altar of Ru.
  3143 | D:3      | Reached skill level 1 in Dodging
  3162 | D:3      | Reached XP level 5. HP: 38/46 MP: 6/6
  4291 | D:3      | Reached skill level 4 in Fighting
  4291 | D:3      | Reached skill level 1 in Translocations
  4567 | D:3      | Found an iron altar of Okawaru.
  4782 | D:3      | Found a snail-covered altar of Cheibriados.
  4787 | D:3      | Became a worshipper of Cheibriados the Contemplative
  4878 | D:3      | Reached XP level 6. HP: 46/52 MP: 8/8
  5599 | D:4      | Noticed Natasha
  5605 | D:4      | Killed Natasha
  5606 | D:4      | Noticed Natasha
  5614 | D:4      | Killed Natasha
  5615 | D:4      | Reached skill level 1 in Stealth
  5912 | D:4      | Noticed Natasha
  5918 | D:4      | Killed Natasha
  5933 | D:4      | Found an opulent altar of Gozag.
  5959 | D:4      | Found a glowing silver altar of Zin.
  6056 | D:4      | Fell from the grace of Cheibriados
  6056 | D:4      | Became a worshipper of Gozag Ym Sagoz the Greedy
  6537 | D:5      | Entered Level 5 of the Dungeon
  6541 | D:5      | Reached skill level 1 in Long Blades
  6723 | D:5      | Found a staircase to the Ecumenical Temple.
  7108 | D:5      | Noticed a sky beast
  7119 | D:5      | Killed a sky beast
  7120 | D:5      | Reached skill level 5 in Fighting
  7369 | D:5      | Your scales start taking on a golden yellow colour.
  7369 | D:5      | Reached XP level 7. HP: 61/61 MP: 10/10
  7369 | D:5      | Gained mutation: You are resistant to acid. (rCorr) [Yellow
                  | Draconian growth]
  8089 | Temple   | Entered the Ecumenical Temple
  8564 | Temple   | Fell from the grace of Gozag
  8564 | Temple   | Became a worshipper of Warmaster Okawaru
 12952 | D:4      | Fell from the grace of Okawaru
 12999 | D:4      | Became a worshipper of Gozag Ym Sagoz the Greedy
 18370 | D:5      | Reached skill level 6 in Fighting
 18381 | D:5      | Lost strength.
 18634 | D:5      | Noticed a two-headed ogre
 18634 | D:5      | Noticed a two-headed ogre
 18638 | D:5      | Slain by a two-headed ogre

Illustrated notes

Levels and vault maps discovered:
D:1:      scummos_arrival_star, layout_basic, minmay_octomino_e4
D:2:      layout_loops_ring, chequers_temple_overflow_statue_of_worship,
          nzn_wu_jian_council_hall
D:3:      layout_loops_cross, hangedman_ru_absence, marbit_many_paths,
          small_statue_intersection, lemuel_statue_altar
D:4:      layout_basic, grunt_temple_overflow_gold_and_silver, uniq_natasha
D:5:      layout_cave_pods, minmay_temple_entry_tees
D:6:      layout_basic, ashenzari_conservatory_becter, grunt_ministairs_15,
          kennysheep_another_room, dk_yredelemnul_ordeal,
          uniq_crazy_yiuf_cottage, uniq_eustachio, uniq_duvessa
Temple:   kb_temple_of_zot

Skill      XL: |  1  2  3  4  5  6  7 |
---------------+----------------------+-----
Fighting       | 3 4 5 6 |  6.3
Bows           | 2 3 |  3.5
Dodging        | 1 |  1.3
Translocations | 1 |  1.4
Stealth        | 1 |  1.1
Spellcasting   | 2 3 |  3.1
Long Blades    | 1 |  1.0
Short Blades   | |  0.5
Air Magic      | |  1.0
Poison Magic   | |  3.0
Evocations     | |  2.0

Action                   |  1- 3 |  4- 6 |  7- 9 || total
-------------------------+-------+-------+-------++-------
Melee: Short sword       |    43 |    31 |       ||    74
       Tailslap          |     6 |     8 |     2 ||    16
       Falchion          |       |    63 |     4 ||    67
 Fire: Shortbow          |    99 |   157 |    40 ||   296
Throw: Throwing net      |       |     1 |       ||     1
 Cast: Blink             |       |     2 |       ||     2
 Abil: Breathe Acid      |       |       |     1 ||     1
Evoke: Wand              |     1 |     6 |     3 ||    10
  Use: Scroll            |     3 |     2 |       ||     5
       Potion            |       |     2 |     6 ||     8
 Stab: Sleeping          |       |     2 |       ||     2
Armor: Skin              |    24 |    60 |     7 ||    91
Dodge: Dodged            |    55 |   117 |    31 ||   203
       Rpst.: Falchion   |       |     9 |     2 ||    11
